 Dungeon Crawl Stone Soup version 0.31-a0-233-g139696dc86 (webtiles) character file.

Game seed: 15035987047218359839

55 qw the Shooter (level 3, 0/21 HPs)
             Began as a Gargoyle Hexslinger on July 8, 2023.
             Was an Initiate of Okawaru.
             Killed by nerve-wracking pain
             ... invoked by Grinder
              (3 damage)
             ... while paralysed by Grinder
             ... on level 3 of the Dungeon.
             The game lasted 00:00:36 (1379 turns).

qw the Shooter (Gargoyle Hexslinger)                Turns: 1379, Time: 00:00:36

Health: 0/21       AC:  7    Str: 14    XL:     3   Next: 93%
Magic:  4/4        EV:  2    Int: 13    God:    Okawaru [......]
Gold:   156        SH:  0    Dex: 14    Spells: 3/4 levels left

rFire   . . .        Y - +1 sling (freeze)
rCold   . . .        (no shield)
rNeg    + . .        c - +0 robe
rPois   inf          k - +0 helmet
rElec   +            (no cloak)
rCorr   .            g - +0 pair of gloves {Str+3}
SInv    .            (no boots)
Will    .....        (no amulet)
Stlth   +            (no ring)
HPRegen 0.23/turn    (no ring)
MPRegen 0.09/turn

%: no passive effects
@: paralysed
A: sickness immunity, AC +3, negative energy resistance 1, electricity
resistance, torment resistance 1, petrification resistance
a: Renounce Religion


You were on level 3 of the Dungeon.
You worshipped Okawaru.
Okawaru was noncommittal.
You visited 1 branch of the dungeon, and saw 3 of its levels.

You collected 156 gold pieces.


Innate Abilities, Weirdness & Mutations

You are immune to sickness and miasma.
Your stone body is resilient. (AC +3)
You are immune to poison.
You resist negative energy. (rN+)
You are resistant to electric shocks. (rElec)
You are resistant to unholy torment.
You are immune to petrification.


   Skills:
 - Level 2.0 Fighting
 + Level 3.7 Ranged Weapons
 - Level 1.5 Dodging
 - Level 1.0 Spellcasting
 - Level 2.6 Hexes


You had 3 spell levels left.
You knew the following spells:

 Your Spells              Type           Power      Damage    Failure   Level
a - Slow                  Hex            28%        N/A       10%         1

Your spell library contained the following spells:

 Spells                   Type           Power      Damage    Failure   Level
 Inner Flame              Hex/Fire       4%         N/A       43%         3
 Portal Projectile        Hex/Tloc       8%         N/A       43%         3
 Cause Fear               Hex            3%         N/A       67%         4

Inventory:

Hand Weapons
 Y - a +1 sling of freezing (weapon)
Armour
 c - a +0 robe (worn)
 g - a +0 pair of gloves of strength (worn)
 k - a +0 helmet (worn)
Scrolls
 h - a scroll of identify
Potions
 a - a potion of curing {unknown}
 d - a potion of haste {unknown}
 e - a potion of enlightenment
 i - a potion of berserk rage {unknown}

Dungeon Overview and Level Annotations

Branches:
Dungeon (3/15)

Altars:
Okawaru

Annotations:
D:3 Grinder


Message History

The sling bullet hits Grinder but does no damage.
Grinder is lightly wounded.
Grinder gestures at you.
You suddenly lose the ability to move!
Grinder hits you!
You writhe in agony.
Grinder hits you but does no damage.
You can move again.
You shoot a sling bullet. The sling bullet hits Grinder.
Grinder is moderately wounded.
Grinder gestures at you. Pain shoots through your body!
You shoot a sling bullet.
The sling bullet closely misses Grinder.
A goblin comes into view. It is wielding a +0 club.
Grinder hits you.
You writhe in agony.
You shoot a sling bullet.
The sling bullet completely misses Grinder.
The goblin shouts!
Grinder hits you but does no damage.
Grinder says, "FISH!"
Grinder hits you but does no damage.
You shoot a sling bullet. The sling bullet hits Grinder.
Grinder is moderately wounded.
Grinder says, "There's only one good use for a tongue: cutting it out."
Grinder hits you.
You writhe in agony.
You shoot a sling bullet. The sling bullet hits Grinder.
Grinder is moderately wounded.
Grinder misses you.
You shoot a sling bullet. The sling bullet hits Grinder.
Grinder is moderately wounded.
Grinder hits you but does no damage.
You shoot a sling bullet. The sling bullet barely misses Grinder.
The sling bullet hits the goblin.
The sling bullet freezes the goblin.
You kill the goblin!
Okawaru accepts your kill. Grinder gestures at you.
You suddenly lose the ability to move!
Grinder gestures at you. Pain shoots through your body!
You die...

#.#######......#
#.#.....#......#
#.#.....#.#.#....
##.#.._..'...#.###
#..#.....#........
##..#.....#.###..!#
#...#######.# ...#
#.#.........###....
#.....@...........#
...#.#5####.#####.#
#...)S ### .....
##.##. #. #. # #.
..


You could see Grinder and an adder.

Vanquished Creatures
  A worm (D:2)
  A dart slug (D:1)
  3 endoplasms (D:1)
  7 hobgoblins
  3 jackals (D:2)
  8 kobolds
  2 quokkas (D:1)
  3 ball pythons
  4 bats
  3 frilled lizards
  7 goblins
  5 rats
47 creatures vanquished.

Notes
Turn   | Place    | Note
-------+----------+-------------------------------------------
     0 | D:1      | qw the Gargoyle Hexslinger began the quest for the Orb.
     0 | D:1      | Reached XP level 1. HP: 12/12 MP: 2/2
     0 | D:1      | 0 ||| qw: Version: 0.3-a-46-gb1f654a
     0 | D:1      | 0 ||| qw: Game counter: 3652
     0 | D:1      | 0 ||| qw: Melee chars always use a shield: true
     0 | D:1      | 0 ||| qw: God list: Okawaru
     0 | D:1      | 0 ||| qw: Allow faded altars: false
     0 | D:1      | 0 ||| qw: Do Orc after clearing Dungeon:15 true
     0 | D:1      | 0 ||| qw: Do second Lair branch before Depths: true
     0 | D:1      | 0 ||| qw: Lair rune preference: random
     0 | D:1      | 0 ||| qw: Goals: Normal
     0 | D:1      | 0 ||| PLANNING D:1-11
   104 | D:1      | Reached XP level 2. HP: 16/16 MP: 3/3
   131 | D:1      | Reached skill level 3 in Ranged Weapons
   439 | D:1      | 439 ||| FLEEEEING.
   454 | D:1      | Reached XP level 3. HP: 21/21 MP: 4/4
   581 | D:1      | 581 ||| UPGRADING to +0 helmet.
   586 | D:1      | 586 ||| READING scroll labelled LEBRIO VOIHAA.
   587 | D:1      | 587 ||| READING 2 scrolls labelled CUSMUE NEPIENK.
   588 | D:1      | 588 ||| READING scroll labelled FIACVU SINK.
   592 | D:1      | 592 ||| READING scroll labelled FIOMICZ REAHE.
   593 | D:1      | 593 ||| DROPPING scroll of poison.
  1302 | D:2      | 1302 ||| UPGRADING to +0 pair of gloves of strength.
  1307 | D:2      | 1307 ||| READING scroll labelled MIEDEXK HUSOFF.
  1308 | D:2      | 1308 ||| READING scroll labelled QUIPAI FOEHEIJ.
  1309 | D:2      | 1309 ||| DRINKING 2 dark potions.
  1310 | D:2      | 1310 ||| DRINKING 2 viscous purple potions.
  1311 | D:2      | 1311 ||| DROPPING potion of invisibility.
  1332 | D:3      | Found an iron altar of Okawaru.
  1333 | D:3      | 1333 ||| PLANNING OKAWARU WORSHIP
  1345 | D:3      | Became a worshipper of Warmaster Okawaru
  1346 | D:3      | 1346 ||| PLANNING D:1-11
  1366 | D:3      | Noticed Grinder
  1370 | D:3      | Paralysed by Grinder for 3 turns
  1376 | D:3      | HP: 3/21 [Grinder (5)]
  1379 | D:3      | Paralysed by Grinder for 2 turns
  1379 | D:3      | Killed from afar by Grinder

Levels and vault maps discovered:
D:1:      scummos_arrival_simple_crosswalls, layout_loops_ring
D:2:      layout_loops_ring
D:3:      layout_loops_cross, amcnicky_altar_gilded, elyvilon_altar_1,
          serial_shops, shop, nicolae_shop_rolling_square,
          nicolae_lakefront_shop, nicolae_shop_tiny_waterfront,
          nicolae_shop_advertising_works [nicolae_subvault_shop_adworks],
          uniq_jessica, uniq_grinder

Skill      XL: |  1  2 |
---------------+-------+-----
Ranged Weapons | 3 |  3.7
Fighting       | 2 |  2.0
Dodging        | |  1.5
Spellcasting   | |  1.0
Hexes          | |  2.6

Action                     || total
---------------------------++-------
   Fire: Sling             ||   130
    Use: Scroll            ||     6
         Potion            ||     2
 Armour: Robe              ||    24
  Dodge: Dodged            ||    39

Table legend:
 A = Non-vault XP
 B = Vault XP
 C = Vault XP percentage of total XP
 D = Non-vault monster count
 E = Vault monster count
 F = Vault count percentage of total count
                 A         B        C        D         E       F
            +---------+---------+-------+---------+---------+-------
      Total |      81 |       0 |   0.0 |      47 |       0 |   0.0
            +---------+---------+-------+---------+---------+-------
        D:1 |      39 |       0 |   0.0 |      23 |       0 |   0.0
        D:2 |      35 |       0 |   0.0 |      20 |       0 |   0.0
        D:3 |       7 |       0 |   0.0 |       4 |       0 |   0.0
            +---------+---------+-------+---------+---------+-------
